 Dungeon Crawl Stone Soup version 0.27-a0-1228-gfd60fd639a (webtiles) character file.

Game seed: 3935482060956732776

162 bjtr the Vexing (level 5, -13/41 HPs)
             Began as a Gnoll Arcane Marksman on June 5, 2021.
             Killed by an exploding orc wizard (24 damage)
             ... ignited by their inner flame
             ... on level 3 of the Dungeon on June 8, 2021.
             The game lasted 00:13:19 (3816 turns).

bjtr the Vexing (Gnoll Arcane Marksman)             Turns: 3816, Time: 00:13:20

Health: -13/41     AC:  3    Str:  9    XL:     5   Next: 43%
Magic:  6/9        EV: 13    Int: 14    God:
Gold:   65         SH:  0    Dex: 12    Spells: 1/10 levels left

rFire    . . .     SeeInvis .     - Unarmed
rCold    . . .     Faith    .   (no shield)
rNeg     . . .     Spirit   .   e - +0 robe
rPois    .         Reflect  .   (no helmet)
rElec    .         Harm     .   (no cloak)
rCorr    .         Rampage  .   m - +0 pair of gloves
Will     .....                  (no boots)
Stlth    ++........             (no amulet)
HPRegen  0.13/turn              (no ring)
MPRegen  0.11/turn              (no ring)

@: no status effects
A: fangs 1, strong nose, distributed training
a: no special abilities


You were on level 3 of the Dungeon.
You visited 1 branch of the dungeon, and saw 3 of its levels.

You collected 65 gold pieces.

Inventory:

Hand Weapons
 a - a +0 hand crossbow
 c - a +0 whip
 h - a +0 rapier
Missiles
 d - 48 bolts
Armour
 e - a +0 robe (worn)
 m - a +0 pair of gloves (worn)
 n - a +0 kite shield
Jewellery
 g - a ring of fire
 i - an amulet of guardian spirit
Scrolls
 b - a scroll of torment {unknown}
 f - a scroll of silence {unknown}
 k - a scroll of teleportation {unknown}
 l - a scroll of fog {unknown}
Potions
 j - a potion of might {unknown}


   Skills:
 + Level 3.0 Fighting
 + Level 1.5 Short Blades
 + Level 1.5 Long Blades
 + Level 1.5 Axes
 + Level 1.5 Maces & Flails
 + Level 1.5 Polearms
 + Level 1.5 Staves
 + Level 1.5 Slings
 + Level 1.5 Bows
 + Level 4.8 Crossbows
 + Level 1.5 Throwing
 + Level 1.5 Armour
 + Level 4.8 Dodging
 + Level 1.5 Stealth
 + Level 1.5 Shields
 + Level 1.5 Unarmed Combat
 + Level 3.2 Spellcasting
 + Level 1.2 Conjurations
 + Level 5.5 Hexes
 + Level 1.2 Summonings
 + Level 1.2 Necromancy
 + Level 1.2 Translocations
 + Level 1.2 Transmutations
 + Level 1.2 Fire Magic
 + Level 1.2 Ice Magic
 + Level 1.2 Air Magic
 + Level 1.2 Earth Magic
 + Level 1.2 Poison Magic
 + Level 1.7 Invocations
 + Level 1.5 Evocations


You had one spell level left.
You knew the following spells:

 Your Spells              Type           Power      Damage    Failure   Level
a - Corona                Hex            18%        N/A       2%          1
b - Slow                  Hex            17%        N/A       3%          2
c - Inner Flame           Hex/Fire       11%        N/A       16%         3
d - Magic Dart            Conj           20%        1d4       13%         1
e - Blink                 Tloc           N/A        N/A       19%         2

Your spell library contained the following spells:

 Spells                   Type           Power      Damage    Failure   Level
 Portal Projectile        Hex/Tloc       22%        N/A       16%         3
 Call Imp                 Summ           5%         N/A       19%         2
 Cause Fear               Hex            8%         N/A       22%         4
 Conjure Flame            Conj/Fire      5%         6-21      36%         3
 Mephitic Cloud           Conj/Pois/Air  5%         N/A       36%         3
 Leda's Liquefaction      Hex/Erth       5%         N/A       45%         4


Dungeon Overview and Level Annotations

Branches:
Dungeon (3/15)

Altars:
Ashenzari
Hepliaklqana
Makhleb
Xom


Innate Abilities, Weirdness & Mutations

You have very sharp teeth.
Your uncanny sense of smell can sniff out nearby items.
Your experience applies equally to all skills.


Message History

Press: ? - help, Q - select action, (/) - cycle Shift-Dir - straight line, f - orc
Aim: an orc, wielding a +0 club (64% to hit)
You shoot a bolt. The bolt hits the orc wizard.
The orc wizard is severely wounded.
The orc closely misses you.
The orc wizard gestures at you while chanting.
You resist with some effort.
Fire: 49 bolts
Press: ? - help, Q - select action, (/) - cycle Shift-Dir - straight line, f/p - orc
Aim: an orc, wielding a +0 club (64% to hit)
You shoot a bolt. The bolt hits the orc wizard.
The orc wizard is almost dead.
The orc hits you from afar with a +0 trident.
The orc wizard casts a spell at you. You resist with some effort.
The orc hits you from afar with a +0 trident.
Unknown command.
Casting: Blink (safe; 19% risk of failure)
Confirm with . or Enter, or press ? or * to list all spells.
Aiming: Inner Flame (dangerous; 16% risk of failure)
Press: ? - help, Shift-Dir - straight line, f/p - orc
Aim: an orc, wielding a +0 club (chance to affect: 77%)
The orc wizard is filled with an inner flame.
The orc wizard casts a spell at you. The magic dart hits you!
The orc misses you.
You are now empty-handed.
The orc wizard hits you but does no damage.
You hit the orc wizard.
Flame seeps out of the orc wizard.
The orc wizard is almost dead.
The orc hits you from afar with a +0 trident!
* * * LOW HITPOINT WARNING * * *
The orc wizard is engulfed in blazing flames.
The orc wizard explodes!
The fiery explosion engulfs something!!!
Reactivating autopickup.
You feel a bit more experienced.
The fiery explosion engulfs the orc!!
You kill the orc!
The fiery explosion engulfs you!!
Ouch! That really hurt!
You die...

.# #.≈≈≈≈# .#
####≈≈≈#### .#
#.........# .#
#.#######.# .# #
#.## #.# #..# #.###
# ###.## ##.... ..
#....# ....# .# #
#.##@##
##..#..#.####.##○§#
##.............§o§#
.#.##o...####.....#
.....o...# #.....#
.#{##....# #.....#
.#†##.###.# ####(.#
.#.##.# #..#
.#..#.# #(.#


You could see an orc.

Vanquished Creatures
  A scorpion (D:3)
  2 orc wizards (D:3)
  3 adders (D:2)
  A worm (D:2)
  3 dart slugs
  An orc (D:3)
  4 ball pythons
  5 bats
  5 endoplasms
  A giant cockroach (D:1)
  5 goblins
  3 hobgoblins
  11 jackals
  6 quokkas
  4 frilled lizards
  5 kobolds
  7 rats
67 creatures vanquished.

Vanquished Creatures (others)
  3 plants (D:3)
3 creatures vanquished.

Grand Total: 70 creatures vanquished

Notes
Turn   | Place    | Note
-------+----------+-------------------------------------------
     0 | D:1      | bjtr the Gnoll Arcane Marksman began the quest for the Orb.
     0 | D:1      | Reached XP level 1. HP: 17/17 MP: 4/4
   226 | D:1      | Reached XP level 2. HP: 19/23 MP: 5/5
   920 | D:1      | You fall into a shaft and drop 1 floor!
   924 | D:2      | Reached XP level 3. HP: 22/28 MP: 7/7
   956 | D:2      | Reached skill level 1 in Invocations
  1161 | D:2      | Reached skill level 1 in Short Blades
  1161 | D:2      | Reached skill level 1 in Long Blades
  1161 | D:2      | Reached skill level 1 in Axes
  1161 | D:2      | Reached skill level 1 in Maces & Flails
  1161 | D:2      | Reached skill level 1 in Polearms
  1161 | D:2      | Reached skill level 1 in Staves
  1161 | D:2      | Reached skill level 1 in Slings
  1161 | D:2      | Reached skill level 1 in Bows
  1161 | D:2      | Reached skill level 1 in Throwing
  1161 | D:2      | Reached skill level 1 in Armour
  1161 | D:2      | Reached skill level 1 in Stealth
  1161 | D:2      | Reached skill level 1 in Shields
  1161 | D:2      | Reached skill level 1 in Unarmed Combat
  1161 | D:2      | Reached skill level 1 in Evocations
  1205 | D:2      | Reached XP level 4. HP: 10/34 MP: 8/8
  2647 | D:2      | Learned a level 2 spell: Slow
  2651 | D:2      | Learned a level 3 spell: Inner Flame
  2772 | D:2      | Reached skill level 1 in Conjurations
  2772 | D:2      | Reached skill level 1 in Summonings
  2772 | D:2      | Reached skill level 1 in Necromancy
  2772 | D:2      | Reached skill level 1 in Translocations
  2772 | D:2      | Reached skill level 1 in Transmutations
  2772 | D:2      | Reached skill level 1 in Fire Magic
  2772 | D:2      | Reached skill level 1 in Ice Magic
  2772 | D:2      | Reached skill level 1 in Air Magic
  2772 | D:2      | Reached skill level 1 in Earth Magic
  2772 | D:2      | Reached skill level 1 in Poison Magic
  2814 | D:2      | Learned a level 1 spell: Magic Dart
  2817 | D:2      | Learned a level 2 spell: Blink
  2908 | D:2      | Found a hazy altar of Hepliaklqana.
  3172 | D:3      | Noticed a scorpion
  3194 | D:3      | Killed a scorpion
  3195 | D:3      | Reached XP level 5. HP: 22/41 MP: 2/9
  3398 | D:3      | Found a shimmering altar of Xom.
  3398 | D:3      | Found a broken altar of Ashenzari.
  3406 | D:3      | Found a burning altar of Makhleb.
  3408 | D:3      | Found a faded altar of an unknown god.
  3410 | D:3      | Found a faded altar of an unknown god.
  3461 | D:3      | Upgraded the game from 0.27-a0-1202-ge72e49191c to
                  | 0.27-a0-1228-gfd60fd639a
  3816 | D:3      | Killed by an exploding orc wizard... ignited by their inner
                  | flame

Illustrated notes

Levels and vault maps discovered:
D:1:      dpeg_arrival_rooms_with_view, layout_basic, serial_corexii_hall,
          corexii_hall_statues_i, corexii_hall_statues_deadend,
          kennysheep_small_spiral
D:2:      layout_loops_cross, basic_altar
D:3:      layout_basic, lemuel_doored_altar,
          chequers_temple_overflow_minitemple, hangedman_decor_peaks_small,
          minmay_misc_feat_chi, serial_bayou_pond_d, minivault_24

Skill      XL: |  1  2  3  4 |
---------------+-------------+-----
Invocations    | 1 |  1.7
Short Blades   | 1 |  1.5
Long Blades    | 1 |  1.5
Axes           | 1 |  1.5
Maces & Flails | 1 |  1.5
Polearms       | 1 |  1.5
Staves         | 1 |  1.5
Slings         | 1 |  1.5
Bows           | 1 |  1.5
Throwing       | 1 |  1.5
Armour         | 1 |  1.5
Stealth        | 1 |  1.5
Shields        | 1 |  1.5
Unarmed Combat | 1 |  1.5
Evocations     | 1 |  1.5
Spellcasting   | 3 |  3.2
Conjurations   | 1 |  1.2
Summonings     | 1 |  1.2
Necromancy     | 1 |  1.2
Translocations | 1 |  1.2
Transmutations | 1 |  1.2
Fire Magic     | 1 |  1.2
Ice Magic      | 1 |  1.2
Air Magic      | 1 |  1.2
Earth Magic    | 1 |  1.2
Poison Magic   | 1 |  1.2
Fighting       | 3 |  3.0
Crossbows      | |  4.8
Dodging        | |  4.8
Hexes          | |  5.5

Action                   |  1- 3 |  4- 6 || total
-------------------------+-------+-------++-------
Melee: Rapier            |    88 |   128 ||   216
       Bite              |     5 |    10 ||    15
       Punch             |       |     2 ||     2
       Unarmed           |       |     1 ||     1
 Fire: Hand crossbow     |    11 |    18 ||    29
 Cast: Corona            |       |     4 ||     4
       Slow              |       |     2 ||     2
       Blink             |       |     2 ||     2
       Inner Flame       |       |     1 ||     1
  Use: Potion            |       |     1 ||     1
 Stab: Sleeping          |     4 |     4 ||     8
Armor: Robe              |     8 |    35 ||    43
Dodge: Dodged            |    64 |   124 ||   188

Table legend: (Time is in decaauts)
 A = Elapsed time spent in this place.
 B = Non-inter-level travel time spent in this place.
 C = Inter-level travel time spent in this place.
 D = Time resting spent in this place.
 E = Time spent auto-exploring this place.
 F = Levels seen in this place.
 G = Mean time per level.
                   A        B        C        D        E       F      G
               +--------+--------+--------+--------+--------+-----+--------+
         Total |   3856 |   3680 |    176 |    658 |   2334 |   3 | 1285.3 |
       Dungeon |   3856 |   3680 |    176 |    658 |   2334 |   3 | 1285.3 |
               +--------+--------+--------+--------+--------+-----+--------+

Top non-repeatable levels by time:
     D:1: 1917 daAuts
     D:2: 1531 daAuts
     D:3: 407 daAuts
